 Dungeon Crawl Stone Soup version 0.32-a0-42-ga30500b4d3 (webtiles) character file.

Game seed: 12265955129655963797

5 a2degator the Trooper (level 1, 0/18 HPs)
             Began as a Mummy Cinder Acolyte on Jan 31, 2024.
             Was a High Priest of Ignis.
             Slain by a goblin
             ... wielding a +0 club
              (2 damage)
             ... on level 1 of the Dungeon.
             The game lasted 00:00:34 (112 turns).

a2degator the Trooper (Mummy Cinder Acolyte)         Turns: 112, Time: 00:00:34

Health: 0/18       AC:  2    Str: 17    XL:     1   Next: 66%
Magic:  2/2        EV: 11    Int: 13    God:    Ignis [*****.]
Gold:   0          SH:  0    Dex:  7    Spells: 2/2 levels left

rFire   . . .        a - -1 mace (flame)
rCold   + . .        (no shield)
rNeg    + + +        b - +0 robe
rPois   ∞            (no helmet)
rElec   .            (no cloak)
rCorr   .            (no gloves)
SInv    .            (no boots)
Will    .....        (no amulet)
Stlth   +            (no ring)
HPRegen 0.23/turn    (no ring)
MPRegen 0.08/turn

%: faith
@: no status effects
A: cold resistance 1, negative energy resistance 3, torment resistance 2, heat
vulnerability 1, in touch with death 1, no potions, faith
a: Renounce Religion, Fiery Armour, Foxfire Swarm, Rising Flame


You were on level 1 of the Dungeon.
You worshipped Ignis.
Ignis was extremely pleased with you.
You visited 1 branch of the dungeon, and saw 1 of its levels.

Inventory:

Hand Weapons
 a - a -1 mace of flaming (weapon)
Armour
 b - a +0 robe (worn)


   Skills:
 + Level 3.0 Fighting
 + Level 2.4 Maces & Flails
 + Level 1.3 Spellcasting
 + Level 2.7 Fire Magic


You had 2 spell levels left.
You didn't know any spells.
Your spell library contained the following spells:

 Spells                   Type           Power      Damage    Failure   Level
 Scorch                   Fire           16%        2d5       13%         2


Dungeon Overview and Level Annotations

Branches:
Dungeon (1/15)

Altars:


Innate Abilities, Weirdness & Mutations

You are immune to poison.
Your flesh is cold resistant. (rC+)
You are immune to negative energy. (rN+++)
You are immune to unholy pain and torment.
You are vulnerable to heat. (rF-)
You are in touch with the powers of death.
You do not drink.
You have a special connection with the divine. (Faith)


Message History

A frilled lizard and a ball python come into view.
The endoplasm quivers.
A goblin comes into view. It is wielding a +0 club.
Found 11 gold pieces.
Found a stone staircase leading down.
The ball python hisses angrily.
The goblin shouts!
A rat comes into view. x2
Found a leather armour and 6 gold pieces.
The rat squeaks loudly.
You hear a shout!
The endoplasm hits you.
You barely miss the endoplasm. The endoplasm freezes you.
You are frozen.
You resist. The ball python misses you. The ball python grabs you.
The ball python constricts you. The rat bites you. The endoplasm freezes you.
You are frozen.
You resist.
You hit the endoplasm. You burn the endoplasm.
The endoplasm is heavily wounded.
The ball python closely misses you. The ball python constricts you.
The endoplasm barely misses you. The rat closely misses you.
The ball python completely misses you. The ball python constricts you.
The frilled lizard bites you.
You hit the endoplasm. You burn the endoplasm.
You kill the endoplasm!
The ball python closely misses you. The ball python constricts you.
The goblin hits you with a +0 club.
A kobold comes into view. It is wielding a +0 dagger.
The frilled lizard closely misses you. The rat bites you but does no damage.
You escape the ball python's grasp.
Found 12 gold pieces.
The goblin hits you with a +0 club.
* * * LOW HITPOINT WARNING * * *
The rat closely misses you. The rat bites you.
* * * LOW HITPOINT WARNING * * *
You barely miss the rat. The ball python barely misses you. x2
The goblin hits you but does no damage. The rat bites you but does no damage.
The rat barely misses you.
The frilled lizard bites you but does no damage.
The ball python bites you but does no damage.
The ball python barely misses you.
You closely miss the rat. The goblin hits you with a +0 club.
You die...

#....$....
#$.[......
#....>....
.K....... #.
.........
...####!(.....#
......#r.....#
#..g@r######
####lS.....$
#..###### #..##
#...# ##.#.#
##..#...
#######..####.#
#.......## ...


You could see a goblin, a ball python, a kobold, a frilled lizard and 2 rats.

Vanquished Creatures
  An endoplasm (D:1)
  A giant cockroach (D:1)
  2 ball pythons (D:1)
  A rat (D:1)
5 creatures vanquished.

Notes
Turn   | Place    | Note
-------+----------+-------------------------------------------
     0 | D:1      | a2degator the Mummy Cinder Acolyte began the quest for the
                  | Orb.
     0 | D:1      | Reached XP level 1. HP: 18/18 MP: 2/2
   112 | D:1      | Slain by a goblin

Illustrated notes

Levels and vault maps discovered:
D:1:      minmay_arrival_split_and_join, layout_rooms

Action                     || total
---------------------------++-------
  Melee: Mace              ||    15
 Armour: Robe              ||    24
  Dodge: Dodged            ||    25

Table legend: (Time is in decaauts)
 A = Elapsed time spent in this place.
 B = Non-inter-level travel time spent in this place.
 C = Inter-level travel time spent in this place.
 D = Time resting spent in this place.
 E = Time spent auto-exploring this place.
 F = Levels seen in this place.
 G = Mean time per level.
                   A        B        C        D        E       F      G
               +--------+--------+--------+--------+--------+-----+--------+
         Total |    115 |    115 |      0 |      0 |     51 |   1 |  115.0 |
       Dungeon |    115 |    115 |      0 |      0 |     51 |   1 |  115.0 |
               +--------+--------+--------+--------+--------+-----+--------+

Top non-repeatable levels by time:
     D:1: 115 daAuts
